 Dungeon Crawl Stone Soup version 0.20.0-10-g0535bb4 (webtiles) character file.

1717 kuniqs the Skirmisher (level 9, 0/47 HPs)
             Began as a Vine Stalker Fighter on June 5, 2017.
             Slain by a two-headed ogre
             ... wielding a +0 great mace of venom
              (2 damage)
             ... on level 6 of the Dungeon.
             The game lasted 00:08:03 (4425 turns).

kuniqs the Skirmisher (Vine Stalker Fighter)        Turns: 4425, Time: 00:08:03

Health: 0/47       AC: 14    Str: 22    XL:     9   Next: 4%
Magic:  0/10       EV:  7    Int:  8    God:
Gold:   385        SH: 10    Dex: 14    Spells: 8/8 levels left

rFire    . . .     SeeInvis .   a - +0 rapier
rCold    . . .     Gourm    .   c - +0 shield
rNeg     . . .     Faith    .   F - +0 plate armour
rPois    .         Spirit   +   s - +0 helmet
rElec    .         Reflect  .   (no cloak)
rCorr    .         Harm     .   (no gloves)
MR       +....     Clarity  +   l - +0 pair of boots
Stlth    ..........             (no amulet)
Regen    0.6/turn               u - +1 ring of evasion
MPRegen  0.2/turn               (no ring)

@: lethally poisoned (0 -> -13)
A: fangs 3, clarity, regeneration 1, wild magic 1, magic shield, antimagic bite,
no potion heal 3, rot immunity
a: no special abilities


You were on level 6 of the Dungeon.
You were not hungry.

You visited 1 branch of the dungeon, and saw 6 of its levels.
You also visited: Sewer.

You collected 385 gold pieces.

Inventory:

Hand Weapons
 a - a +0 rapier (weapon)
 y - a +0 blowgun
Missiles
 z - 5 curare-tipped needles
Armour
 c - a +0 shield (worn)
 l - a +0 pair of boots (worn)
 s - a +0 helmet (worn)
 F - a +0 plate armour (worn)
Jewellery
 u - a +1 ring of evasion (left hand)
Scrolls
 b - a scroll of magic mapping {unknown}
 g - 2 scrolls of teleportation
 i - a scroll of recharging
 k - a scroll of enchant armour {unknown}
 m - 8 scrolls of fear
 p - 2 scrolls of blinking
 v - a scroll of amnesia {unknown}
 A - a scroll of fog {unknown}
 C - a scroll of enchant weapon {unknown}
 E - a scroll of noise {unknown}
Potions
 f - 6 potions of might
 j - a potion of resistance
 n - 8 potions of curing {@q1}
 o - a potion of lignification
 r - 2 potions of agility
 x - a potion of degeneration {unknown}
 D - a potion of brilliance {unknown}
Comestibles
 d - 4 bread rations
 e - 3 meat rations
 t - a royal jelly


   Skills:
 + Level 5.5 Fighting
 + Level 4.6 Short Blades
 + Level 4.9 Armour
 + Level 3.9 Dodging
 + Level 5.1 Shields


You had 8 spell levels left.
You didn't know any spells.

Dungeon Overview and Level Annotations

Branches:
Dungeon (6/15)
 Temple: D:4-7

Altars:
Ashenzari
Elyvilon
Gozag
Kikubaaqudgha
Okawaru
Trog
Xom
Yredelemnul


Innate Abilities, Weirdness & Mutations

You have razor-sharp teeth.
Your natural rate of healing is unusually fast.
When hurt, damage is shared between your health and your magic reserves.
Your bite disrupts and absorbs the magic of your enemies.
Potions cannot restore your health.
You are immune to rotting.
You possess an exceptional clarity of mind.
Your spells are a little harder to cast, but a little more powerful.


Message History

The two-headed ogre is almost dead.
You feel sick.
You hit the two-headed ogre but do no damage.
The two-headed ogre is almost dead.
You feel sick. You block the two-headed ogre's attack.
The two-headed ogre hits you but does no damage.
You hit the two-headed ogre.
The two-headed ogre is almost dead.
You feel sick.
The two-headed ogre hits you with a great mace of venom!
* * * LOW HITPOINT WARNING * * *
You are lethally poisoned!
The two-headed ogre hits you with a giant club!
* * * LOW HITPOINT WARNING * * *
You hit the two-headed ogre. Your bite misses the two-headed ogre.
The two-headed ogre is almost dead.
* * * LOW HITPOINT WARNING * * *
You feel sick. The two-headed ogre barely misses you.
The two-headed ogre hits you with a giant club.
You die...

#.########.# #...#.# #.#
#.#.########.#.# #.#
#..........#.#.# #.#
#.#.######.#.#.# #.#
#.#.#...##.#.#.# #.#
#.#.#.#.##.#(#.# #.#
#.#.#.#.##.#.#.#
#.######O#.#.#.##.#.#.#
#.......@#.#.#....#.#.#
#........<..........#.#
#.########.#.########.##
####'#### #.#.#
#.......# ### #.......#
#.#.# ######### ..#
#.......# #.#.# #.#
#....>..# #.#.# #.#
#.......# #.#..
#.#######.#### ....#


You could see a two-headed ogre.

Vanquished Creatures
  The ghost of salade2fruit the Caller, an amateur OpSu of Xom (D:4)
  An ice beast (D:5)
  A necrophage (D:6)
  3 ogres
  A centaur (D:5)
  4 big kobolds (Sewer)
  2 bullfrogs
  A scorpion (D:5)
  A howler monkey (D:4)
  2 hounds (D:4)
  2 bullfrog skeletons (D:5)
  An iguana (D:5)
  Jessica (D:2)
  Natasha (D:4)
  5 worker ants
  Robin (D:3)
  7 adders
  2 river rats (Sewer)
  A shadow imp (D:5)
  An ooze (Sewer)
  An adder zombie (D:5)
  An adder skeleton (D:6)
  10 worms
  A dart slug (D:1)
  4 leopard geckos
  6 orcs
  6 ball pythons
  4 bats
  4 giant cockroaches
  12 goblins
  11 hobgoblins
  3 jackals
  A ball python skeleton (D:3)
  4 frilled lizards
  7 kobolds
  A quokka zombie (D:6)
  9 rats
124 creatures vanquished.

Notes
Turn   | Place    | Note
-------+----------+-------------------------------------------
     0 | D:1      | kuniqs the Vine Stalker Fighter began the quest for the Orb.
     0 | D:1      | Reached XP level 1. HP: 11/11 MP: 2/2
   141 | D:1      | Reached XP level 2. HP: 16/16 MP: 3/3
   528 | D:2      | Reached XP level 3. HP: 9/20 MP: 1/4
   847 | D:2      | Found a shimmering altar of Xom.
  1149 | D:2      | Noticed Jessica
  1159 | D:2      | Killed Jessica
  1159 | D:2      | Reached skill level 1 in Dodging
  1159 | D:2      | Gained mutation: Your natural rate of healing is unusually fast. [Vine Stalker growth]
  1159 | D:2      | Reached XP level 4. HP: 19/24 MP: 5/5
  1343 | D:3      | Found an ancient bone altar of Kikubaaqudgha.
  1502 | D:3      | Found a glowing drain.
  1530 | Sewer    | Entered a sewer
  1536 | Sewer    | Reached XP level 5. HP: 24/28 MP: 6/6
  1708 | Sewer    | Noticed a big kobold
  1729 | Sewer    | Killed a big kobold
  1729 | Sewer    | Reached XP level 6. HP: 28/32 MP: 5/7
  1873 | Sewer    | Gained mutation: You possess an exceptional clarity of mind. [potion of mutation]
  1873 | Sewer    | Gained mutation: Your spells are a little harder to cast, but a little more powerful. [potion of mutation]
  1900 | Sewer    | Reached XP level 7. HP: 34/37 MP: 8/8
  1964 | D:3      | Noticed Robin
  2007 | D:3      | Killed Robin
  2200 | D:3      | Found a faded altar of an unknown god.
  2444 | D:4      | Noticed Natasha
  2454 | D:4      | Killed Natasha
  2564 | D:4      | Found an opulent altar of Gozag.
  2605 | D:4      | Found a shattered altar of Ashenzari.
  2817 | D:4      | Noticed salade2fruit's ghost (amateur OpSu)
  2830 | D:4      | Killed salade2fruit's ghost
  2830 | D:4      | Gained mutation: You have razor-sharp teeth. [Vine Stalker growth]
  2830 | D:4      | Reached XP level 8. HP: 36/42 MP: 9/9
  3041 | D:5      | Entered Level 5 of the Dungeon
  3169 | D:5      | Reached skill level 5 in Fighting
  3582 | D:5      | Reached skill level 5 in Shields
  3636 | D:5      | Found a white marble altar of Elyvilon.
  3637 | D:5      | Found an iron altar of Okawaru.
  3640 | D:5      | Found a basalt altar of Yredelemnul.
  3757 | D:6      | Found a basalt altar of Yredelemnul.
  3990 | D:6      | Noticed a moth of wrath
  3994 | D:6      | Found a bloodstained altar of Trog.
  4151 | D:6      | Reached XP level 9. HP: 42/47 MP: 8/10
  4294 | D:6      | Noticed a two-headed ogre
  4425 | D:6      | HP: 2/47 [poisoned by a two-headed ogre]
  4425 | D:6      | Slain by a two-headed ogre

Skill      XL: |  1  2  3  4  5  6  7  8 |
---------------+-------------------------+-----
Short Blades   | 2 3 4 |  4.6
Fighting       | 3 4 5 |  5.5
Shields        | 3 4 5 |  5.1
Dodging        | 1 2 3 |  3.9
Armour         | 3 4 |  4.9

Action                   |  1- 3 |  4- 6 |  7- 9 || total
-------------------------+-------+-------+-------++-------
Melee: Rapier            |    79 |   155 |   234 ||   468
       Bite              |    21 |    58 |    92 ||   171
  Use: Potion            |       |     4 |       ||     4
       Scroll            |       |       |    10 ||    10
  Eat: Chunk             |     1 |     3 |     8 ||    12
Armor: Scale mail        |    39 |    42 |    48 ||   129
       Plate armour      |       |       |    44 ||    44
Dodge: Dodged            |    31 |    45 |    66 ||   142
Block: Shield            |    52 |    68 |   100 ||   220
